 Dungeon Crawl Stone Soup version 0.22.0-75-g3901e79 (webtiles) character file.

2529 inc the Thaumaturge (level 9, 0/62 HPs)
             Began as a Mummy Fire Elementalist on Sept 10, 2018.
             Was a Believer of Cheibriados.
             Killed by divine providence
             ... invoked by an orc priest
              (10 damage)
             ... on level 7 of the Dungeon on Sept 12, 2018.
             The game lasted 00:18:58 (7725 turns).

inc the Thaumaturge (Mummy Fire Elementalist)       Turns: 7725, Time: 00:18:59

Health: 0/62       AC: 10    Str: 16    XL:     9   Next: 29%
Magic:  6/30       EV: 11    Int: 22    God:    Cheibriados [**....]
Gold:   295        SH:  0    Dex: 18    Spells: 17/25 levels left

rFire    . . .     SeeInvis .   p - +0 flail (protect)
rCold    + + .     Gourm    .   (no shield)
rNeg     + + +     Faith    .   b - +2 ring mail {rF+}
rPois    ∞         Spirit   .   (no helmet)
rElec    .         Reflect  .   x - scarf {cloud immunity}
rCorr    .         Harm     .   (no gloves)
MR       +....                  d - +2 pair of boots
Stlth    +.........             (no amulet)
HPRegen  0.20/turn              c - ring of magical power
MPRegen  0.22/turn              k - ring of protection from cold

@: very slow
A: no food or potions, fire vulnerability, cold resistance 1, negative energy
resistance 3, torment resistance, unbreathing
a: Bend Time, Renounce Religion


You were on level 7 of the Dungeon.
You worshipped Cheibriados.
Cheibriados was pleased with you.
You were not hungry.

You visited 2 branches of the dungeon, and saw 8 of its levels.
You also visited: Sewer.

You collected 295 gold pieces.

Inventory:

Hand Weapons
 g - a +1 whip of freezing
 l - a +0 mace of protection
 o - a +0 rapier
 p - a +0 flail of protection (weapon)
 q - a -2 mace
 r - a +1 mace of protection
Armour
 a - a +0 robe
 b - a +2 ring mail of fire resistance (worn)
 d - a +2 pair of boots (worn)
 n - a +0 cloak
 x - a scarf of cloud immunity (worn)
Jewellery
 c - a ring of magical power (left hand)
 k - a ring of protection from cold (right hand)
 t - a -2 ring of intelligence
 u - a +4 amulet of reflection {unknown}
Wands
 m - a wand of digging (16)
 w - a wand of acid (8)
Scrolls
 e - 3 scrolls of teleportation
 f - 4 scrolls of fear
 h - a scroll of random uselessness
 i - a scroll of magic mapping
 j - 2 scrolls of enchant armour
 s - a scroll of amnesia {unknown}
 v - a scroll of noise {unknown}
Potions
 z - a potion of might


   Skills:
 + Level 2.4 Fighting
 - Level 1.5 Dodging
 - Level 1.5 Stealth
 - Level 8.7 Spellcasting
 - Level 6.3 Conjurations
 - Level 6.2 Fire Magic


You had 17 spell levels left.
You knew the following spells:

 Your Spells              Type           Power        Failure   Level  Hunger
a - Flame Tongue          Conj/Fire      #####        1%          1    N/A
b - Conjure Flame         Conj/Fire      #####...     3%          3    N/A
c - Sticky Flame          Conj/Fire      #####...     10%         4    N/A

Your spell library contained the following spells:

 Spells                   Type           Power        Failure   Level  Hunger
 Throw Flame              Conj/Fire      #####.       1%          2    N/A
 Inner Flame              Hex/Fire       ###.....     11%         3    N/A
 Fireball                 Conj/Fire      #####.....   28%         5    N/A

Dungeon Overview and Level Annotations

Branches:
Dungeon (7/15)             Temple (1/1) D:4

Altars:
Ashenzari
Cheibriados
Dithmenos
Elyvilon
Fedhas
Gozag
Hepliaklqana
Kikubaaqudgha
Makhleb
Nemelex Xobeh
Okawaru
Qazlal
Ru
Sif Muna
Trog
Uskayaw
Vehumet
Wu Jian
Xom
Yredelemnul
Zin
The Shining One

Portals:
Ossuary: D:7

Annotations:
D:2 Sigmund


Innate Abilities, Weirdness & Mutations

You do not eat or drink.
Your flesh is vulnerable to fire.
You are immune to poison.
Your flesh is cold resistant. (rC+)
You are immune to negative energy. (rN+++)
You are immune to unholy pain and torment.
You can survive without breathing.


Message History

Press: ? - help, Shift-Dir - straight line, f/p - orc
Aim: an orc, wielding a dagger (almost dead)
The flame tongue hits the orc.
You kill the orc!
Cheibriados thoroughly appreciates the change of pace.
Cheibriados raises the support of your attributes as your movement slows.
The orc priest mumbles some strange prayers to Beogh against you.
Beogh smites you!
* * * LOW HITPOINT WARNING * * *
Casting: Flame Tongue (safe; 1% risk of failure)
Confirm with . or Enter, or press ? or * to list all spells.
Aiming: Flame Tongue (safe; 1% risk of failure)
Press: ? - help, Shift-Dir - straight line, f - orc
Aim: an orc, wearing a scale mail The flame tongue hits the orc.
You kill the orc!
Cheibriados appreciates the change of pace.
The orc priest calls down the wrath of Beogh upon you.
Beogh smites you!
You die...

##*** #..,*
*********###...###############
,,,,,,,,,..$...[@...........>#
********,....∩o#############.#
***** *,.....,* #.#### ,,,,*
*,...#*** #....# ***,**
*,##**** ###†## *,,***,*,,,,*
#.# **,,,,,,,,*,* #.#
*,***,*,,*,* #.# *,,*<,*,,*,*
####.##


You could see an orc priest.

Vanquished Creatures
  Pikel (D:6)
  A hippogriff (D:6)
  Edmund (D:4)
  A water moccasin (D:7)
  An orc warrior (D:6)
  A phantom (D:4)
  Purgy (Sewer)
  2 centaurs (D:6)
  Blork the orc (D:6)
  A bullfrog (D:6)
  A scorpion (D:6)
  4 wights (D:6)
  4 hounds
  A human zombie (D:7)
  2 orc priests
  A bullfrog skeleton (D:4)
  A jelly (D:5)
  3 orc wizards
  Crazy Yiuf (D:3)
  A gnoll shaman (D:7)
  Jessica (D:3)
  Natasha (thrice) (D:3)
  A worker ant (D:7)
  14 gnolls
  A howler monkey skeleton (D:4)
  13 adders
  2 oozes
  2 adder zombies
  4 worms
  A dart slug (D:2)
  3 leopard geckos
  17 orcs
  3 giant cockroaches
  7 goblins
  7 hobgoblins
  13 jackals
  12 kobolds
  4 quokkas
  2 ball pythons (D:4)
  6 bats (D:1)
  3 frilled lizards
  4 rats
153 creatures vanquished.

Vanquished Creatures (others)
  3 slaves (D:6)
  An orc (D:6)
4 creatures vanquished.

Grand Total: 157 creatures vanquished

Notes
Turn   | Place    | Note
-------+----------+-------------------------------------------
     0 | D:1      | inc the Mummy Fire Elementalist began the quest for the
                  | Orb.
     0 | D:1      | Reached XP level 1. HP: 13/13 MP: 4/4
    30 | D:1      | Reached skill level 1 in Conjurations
   248 | D:1      | Reached XP level 2. HP: 17/19 MP: 0/5
  1168 | D:2      | Noticed Sigmund
  1220 | D:2      | Reached XP level 3. HP: 20/24 MP: 1/7
  1564 | D:2      | Learned a level 3 spell: Conjure Flame
  1600 | D:2      | Reached skill level 3 in Spellcasting
  1964 | D:2      | Reached XP level 4. HP: 23/30 MP: 4/8
  2705 | D:3      | Noticed Natasha
  2710 | D:3      | Killed Natasha
  2710 | D:3      | Reached XP level 5. HP: 35/35 MP: 4/10
  2881 | D:3      | Noticed Jessica
  2884 | D:3      | Killed Jessica
  2884 | D:3      | Reached skill level 4 in Spellcasting
  2899 | D:3      | Noticed Natasha
  2908 | D:3      | Killed Natasha
  3219 | D:3      | Noticed Natasha
  3221 | D:3      | Killed Natasha
  3232 | D:3      | Reached XP level 6. HP: 39/41 MP: 4/12
  3661 | D:3      | Found a runed door.
  3666 | D:3      | Noticed Crazy Yiuf
  3673 | D:3      | Learned a level 4 spell: Sticky Flame
  3681 | D:3      | Killed Crazy Yiuf
  3965 | D:4      | Found a glowing drain.
  3985 | Sewer    | Entered a sewer
  4131 | Sewer    | Noticed Purgy
  4150 | Sewer    | Killed Purgy
  4150 | Sewer    | Reached skill level 5 in Spellcasting
  4382 | D:4      | Reached XP level 7. HP: 36/46 MP: 0/15
  4583 | D:4      | Noticed Edmund
  4687 | D:4      | Killed Edmund
  4837 | D:4      | Found a staircase to the Ecumenical Temple.
  4848 | Temple   | Entered the Ecumenical Temple
  4925 | Temple   | Became a worshipper of Cheibriados the Contemplative
  5298 | D:5      | Entered Level 5 of the Dungeon
  5323 | D:5      | Reached skill level 6 in Spellcasting
  5832 | D:5      | Reached * piety under Cheibriados
  6121 | D:6      | Found a basalt altar of Yredelemnul.
  6445 | D:6      | Reached XP level 8. HP: 45/52 MP: 17/17
  6557 | D:6      | Upgraded the game from 0.22.0-60-ga52c2fc to
                  | 0.22.0-75-g3901e79
  6581 | D:6      | Noticed Pikel
  6582 | D:6      | Noticed Blork the orc
  6604 | D:6      | Killed Pikel
  6604 | D:6      | Reached skill level 7 in Spellcasting
  6604 | D:6      | Reached skill level 5 in Conjurations
  6604 | D:6      | Reached skill level 5 in Fire Magic
  6623 | D:6      | Noticed a hippogriff
  6632 | D:6      | Killed a hippogriff
  6784 | D:6      | Reached skill level 8 in Spellcasting
  7033 | D:6      | Killed Blork the orc
  7033 | D:6      | Reached XP level 9. HP: 53/57 MP: 21/21
  7491 | D:7      | Reached ** piety under Cheibriados
  7592 | D:7      | Found a sand-covered staircase.
  7725 | D:7      | Killed from afar by an orc priest

Skill      XL: |  1  2  3  4  5  6  7  8  9 |
---------------+----------------------------+-----
Conjurations   | 1 2 3 4 6 |  6.3
Spellcasting   | 3 4 5 6 8 |  8.7
Fire Magic     | 3 4 6 |  6.2
Fighting       | 2 |  2.4
Dodging        | |  1.5
Stealth        | |  1.5

Action                   |  1- 3 |  4- 6 |  7- 9 || total
-------------------------+-------+-------+-------++-------
Melee: Short sword       |    19 |       |       ||    19
       Rapier            |       |     1 |       ||     1
       Mace              |       |     1 |     2 ||     3
       Flail             |       |       |     7 ||     7
 Cast: Flame Tongue      |    64 |   145 |   205 ||   414
       Sticky Flame      |       |     1 |    13 ||    14
       Conjure Flame     |       |       |     1 ||     1
  Use: Scroll            |       |     9 |     3 ||    12
Armor: Robe              |    12 |     8 |       ||    20
       Ring mail         |       |     7 |    64 ||    71
Dodge: Dodged            |    35 |    34 |    74 ||   143
